 Dungeon Crawl Stone Soup version 0.27.0-1-g7a089689b8 (webtiles) character file.

Game seed: 8286801203805520698

466 sasquatch the Ruffian (level 6, -1/93 HPs)
             Began as a Troll Berserker on Aug 4, 2021.
             Was a Believer of Trog.
             Succumbed to a water moccasin's poison
             ... on level 5 of the Dungeon.
             The game lasted 00:02:03 (835 turns).

sasquatch the Ruffian (Troll Berserker)              Turns: 835, Time: 00:02:04

Health: -1/93      AC:  4    Str: 28    XL:     6   Next: 81%
Magic:  5/5        EV: 10    Int:  3    God:    Trog [**....]
Gold:   90         SH:  0    Dex: 15    Spells: 5/5 levels left

rFire    . . .     SeeInvis .     - Unarmed
rCold    . . .     Faith    .   (no shield)
rNeg     . . .     Spirit   .   a - +0 animal skin
rPois    .         Reflect  .   (helmet restricted)
rElec    .         Harm     .   (no cloak)
rCorr    .         Rampage  .   (gloves unavailable)
Will     .....                  (boots unavailable)
Stlth    ..........             f - amulet of the acrobat
HPRegen  1.25/turn              b - +6 ring of dexterity
MPRegen  0.09/turn              (no ring)

@: berserking, lethally poisoned (-1 -> -9), lit by a corona, glowing, very
quick
A: large, unfitting armour, claws 3, regeneration 1, shaggy fur 1, tough skin 1
a: Renounce Religion, Berserk, Trog's Hand


You were on level 5 of the Dungeon.
You worshipped Trog.
Trog was pleased with you.
You visited 1 branch of the dungeon, and saw 6 of its levels.

You collected 90 gold pieces.

Inventory:

Missiles
 e - 2 throwing nets (quivered)
Armour
 a - a +0 animal skin (worn)
Jewellery
 b - a +6 ring of dexterity (left claw)
 f - an amulet of the acrobat (around neck)
Wands
 c - a wand of flame (20)
Scrolls
 d - a scroll of noise {unknown}
 g - 2 scrolls of identify {unknown}
 h - a scroll of teleportation {unknown}
Potions
 i - a potion of might {unknown}


   Skills:
 + Level 4.1 Fighting
 - Level 2.4 Dodging
 * Level 6.6 Unarmed Combat


You had 5 spell levels left.
You didn't know any spells.
Your spell library was empty.

Dungeon Overview and Level Annotations

Branches:
Dungeon (6/15)
 Temple: D:4-7

Altars:
Nemelex Xobeh

Annotations:
D:5 exclusions: door and 2 more exclusions


Innate Abilities, Weirdness & Mutations

You are too large for most types of armour.
You have claws for hands.
Your natural rate of healing is unusually fast.
You are covered in fur. (AC +1)
You have tough skin. (AC +1)


Message History

The water moccasin poisons you!
The gnoll shaman hits you with a +0 whip.
You are too injured to fight recklessly!
You are too injured to fight recklessly!
Unknown command.
You barely miss the gnoll shaman.
The gnoll shaman is lightly wounded.
You feel very sick. The water moccasin barely misses you.
You mangle the gnoll shaman!!
You kill the gnoll shaman!
Trog accepts your kill.
You feel sick. The water moccasin bites you!
* * * LOW HITPOINT WARNING * * *
You scratch the water moccasin.
The water moccasin is lightly wounded.
You feel sick.
You barely miss the water moccasin. Your claw misses the water moccasin.
The water moccasin is lightly wounded.
You feel sick. The water moccasin bites you.
* * * LOW HITPOINT WARNING * * *
You barely miss the water moccasin.
The water moccasin is lightly wounded.
You feel sick. The water moccasin bites you.
* * * LOW HITPOINT WARNING * * *
You are lethally poisoned!
The water moccasin poisons you!
You barely miss the water moccasin.
The water moccasin is lightly wounded.
* * * LOW HITPOINT WARNING * * *
You feel very sick. The water moccasin bites you.
* * * LOW HITPOINT WARNING * * *
You barely miss the water moccasin.
The water moccasin is lightly wounded.
* * * LOW HITPOINT WARNING * * *
You feel very sick.
You closely miss the water moccasin.
The water moccasin is lightly wounded.
You die...

## . # #.#
######### #.#.##
#....#... #....#
#.##.#.#.
#####..###.##.#.#.
#@So..........))..
#)#.#.##.#.##.#)#.
#.#.#.##.#.##.#.#.
#..............<..
###.#....#....###.
#†#....###....+.
#.#........####.
#.###.###### #.
#.. ..# #.


You could see a water moccasin and an orc.

Vanquished Creatures
  An ogre (D:5)
  2 phantoms (D:4)
  A gnoll shaman (D:5)
  An iguana (D:5)
  Natasha (thrice) (D:2)
  An orc wizard (D:5)
  A gnoll (D:6)
  3 adders
  2 dart slugs
  7 orcs
  A bat (D:2)
  2 endoplasms
  A giant cockroach (D:1)
  3 goblins (D:2)
  4 hobgoblins
  2 jackals (D:3)
  A quokka (D:3)
  3 ball pythons
  2 kobolds
  2 rats
43 creatures vanquished.

Notes
Turn   | Place    | Note
-------+----------+-------------------------------------------
     0 | D:1      | sasquatch the Troll Berserker began the quest for the Orb.
     0 | D:1      | Reached XP level 1. HP: 22/22 MP: 0/0
    71 | D:2      | Noticed Natasha
    73 | D:2      | Reached XP level 2. HP: 29/29 MP: 1/1
    73 | D:2      | Killed Natasha
    74 | D:2      | Reached skill level 4 in Unarmed Combat
    74 | D:2      | Reached XP level 3. HP: 36/36 MP: 2/2
   165 | D:2      | Noticed Natasha
   176 | D:2      | Killed Natasha
   177 | D:2      | Reached XP level 4. HP: 45/45 MP: 3/3
   225 | D:2      | Noticed Natasha
   230 | D:2      | Killed Natasha
   484 | D:3      | Reached skill level 5 in Unarmed Combat
   518 | D:4      | Noticed a phantom
   529 | D:4      | Killed a phantom
   530 | D:4      | Reached XP level 5. HP: 41/53 MP: 4/4
   576 | D:4      | Noticed a phantom
   585 | D:4      | Killed a phantom
   586 | D:4      | Reached XP level 6. HP: 58/62 MP: 5/5
   645 | D:5      | Entered Level 5 of the Dungeon
   656 | D:5      | Reached skill level 6 in Unarmed Combat
   686 | D:5      | Found a sparkling altar of Nemelex Xobeh.
   780 | D:5      | Reached ** piety under Trog
   816 | D:6      | Noticed a water moccasin
   833 | D:5      | HP: 3/93 [water moccasin (6)]
   834 | D:5      | HP: 1/93 [poisoned by a water moccasin]
   835 | D:5      | Succumbed to a water moccasin's poison

Illustrated notes

Levels and vault maps discovered:
D:1:      minmay_arrival_plants_in_alcoves, layout_rooms,
          ebering_ecumenical_altar_sacrificial
D:2:      layout_basic, minivault_27, minivault_11, uniq_natasha
D:3:      layout_basic, serial_shops, nicolae_shop_waterfront
D:4:      layout_rooms, nicolae_vehumet_radiance, dk_rats_in_the_wall,
          uniq_menkaure
D:5:      layout_basic, mainiacjoe_overflow_concentric_impassable, uniq_ijyb
D:6:      layout_cave_pools, mainiacjoe_overflow_alcove_2

Skill      XL: |  1  2  3  4  5  6 |
---------------+-------------------+-----
Unarmed Combat | 4 5 6 |  6.6
Fighting       | 3 4 |  4.1
Dodging        | |  2.4

Action                   |  1- 3 |  4- 6 || total
-------------------------+-------+-------++-------
Melee: Unarmed           |    31 |    89 ||   120
       Punch             |     3 |     4 ||     7
Invok: Berserk           |       |     2 ||     2
 Stab: Sleeping          |       |     1 ||     1
Armor: Animal skin       |     5 |    15 ||    20
Dodge: Dodged            |    12 |    49 ||    61
